Map: 天界封锁

Players

二年级二班永亮

  • Race: Protoss Protoss
  • League: Gold
  • Spawn Location: 7:00

悲觞乁述祱微笑

  • Race: Terran Terran
  • Spawn Location: 6:00

VOD

Have the link to the VOD?

Description

Time

  • Played on: March 3, 2018, 7:57 p.m.
  • Length: 14:17
Show
View Real Time Build Order
Export as new Build Order

二年级二班永亮 Protoss 

Build Orders:  

Get SALT Encoding   

  12  0:03  Probe (Chrono Boost)  
  13  0:18  Probe (Chrono Boost)  
  14  0:29  Probe (Chrono Boost)  
  16  0:41  Probe (Chrono Boost)  
  16  0:43  Gateway  
  16  0:52  Probe (Chrono Boost)  
  17  1:03  Probe (Chrono Boost)  
  18  1:14  Probe (Chrono Boost)  
  18  1:18  Pylon  
  19  1:25  Probe (Chrono Boost)  
  20  1:36  Probe (Chrono Boost)  
  20  1:39  Assimilator  
  21  1:47  Probe (Chrono Boost)  
  21  1:49  Zealot  
  24  1:59  Cybernetics Core  
  24  2:03  Probe (Chrono Boost)  
  25  2:14  Probe (Chrono Boost)  
  26  2:20  Assimilator  
  26  2:22  Zealot  
  26  2:25  Probe (Chrono Boost)  
  29  2:36  Probe (Chrono Boost)  
  30  2:47  Probe (Chrono Boost)  
  30  2:49  Zealot  
  33  2:58  Probe (Chrono Boost)  
  34  3:03  Zealot  
  36  3:28  Nexus  
  36  3:34  Probe (Chrono Boost)  
  37  3:49  Robotics Facility  
  37  4:06  Probe (Chrono Boost)  
  37  4:08  Zealot  
  40  4:12  Zealot  
  42  4:27  Zealot  
  44  4:33  Probe (Chrono Boost)  
  44  4:36  Twilight Council  
  45  4:49  Probe (Chrono Boost)  
  46  5:00  Whirlwind  
  46  5:16  Probe (Chrono Boost)  
  46  5:19  Probe (Chrono Boost)  
  46  5:27  Probe (Chrono Boost)  
  48  5:34  Probe (Chrono Boost)  
  48  5:38  Immortal  
  48  5:39  Probe (Chrono Boost)  
  54  5:50  Probe (Chrono Boost)  
  54  5:57  Immortal  
  54  5:59  Probe (Chrono Boost)  
  60  6:01  Probe (Chrono Boost)  
  61  6:12  Probe (Chrono Boost)  
  61  6:15  Immortal  
  61  6:16  Probe (Chrono Boost)  
  66  6:23  Probe (Chrono Boost)  
  66  6:24  Assimilator  
  67  6:34  Probe (Chrono Boost)  
  68  6:48  Zealot  
  60  6:57  Charge  
  60  7:06  Observer  
  60  7:07  Immortal  
  65  7:12  Probe (Chrono Boost)  
  67  7:21  Immortal  
  67  7:22  Probe (Chrono Boost)  
  67  7:23  Probe (Chrono Boost)  
  72  7:39  Probe (Chrono Boost)  
  73  7:45  Immortal  
  76  7:50  Zealot  
  76  7:53  Zealot  
  76  7:56  Probe (Chrono Boost)  
  76  7:57  Immortal  
  84  8:03  Zealot  
  84  8:05  Observer  
  82  8:15  Assimilator  
  83  8:20  Probe (Chrono Boost)  
  83  8:26  Zealot  
  84  8:31  Probe (Chrono Boost)  
  82  8:42  Probe (Chrono Boost)  
  82  8:46  Zealot x2  
  82  8:47  Zealot  
  89  8:58  Immortal x2  
  89  8:59  Immortal  
  101  9:20  Zealot  
  101  9:21  Zealot x2  
  103  9:39  Immortal x2  
  109  9:45  Dragoon x2  
  111  9:59  Gateway  
  111  10:00  Dragoon  
  111  10:04  Dragoon  
  115  10:21  Zealot  
  115  10:29  Zealot  
  117  10:30  Zealot  
  117  10:33  Immortal x2  
  117  10:37  Dragoon  
  127  10:42  Dragoon  
  119  10:50  Dragoon  
  119  10:58  Dragoon  
  119  11:07  Dragoon  
  117  11:16  Zealot  
  111  11:28  Zealot  
  103  11:44  Dragoon  
  103  11:45  Dragoon  
  107  11:55  Observer  
  107  11:58  Zealot x2  
  111  12:05  Immortal x2  
  111  12:07  Dragoon  
  115  12:39  Immortal x2  
  123  12:40  Immortal  
  127  12:50  Dragoon x2  
  127  12:51  Dragoon  
  127  12:52  Dragoon  
  127  12:57  Zealot  
  137  13:02  Observer  
  137  13:03  Dragoon  
  134  13:18  Dragoon  
  126  13:20  Dragoon  
  126  13:21  Zealot  
  126  13:28  Dragoon  
  120  13:38  Immortal  
Show
View Real Time Build Order
Export as new Build Order

悲觞乁述祱微笑 Terran 

Build Orders:  

Get SALT Encoding   

Tags
 
Commander
ArtanisRaynor
League
Gold
Matchup
Co-op
Replay Pack
Co-op Speedrun
Add a new tag
Caveats
  • Supply blocks, unpowered buildings, or Contaminate may cause inaccurate times.
  • Supply counts are checked every 10 seconds.